 Dungeon Crawl Stone Soup version 0.24.0-123-gd5b16e6ec5 (webtiles) character file.

Game seed: 899703633336538634, levelgen mode: deterministic

19676 mortelune the Fighter (level 13, 0/108 HPs)
             Began as a Formicid Abyssal Knight on Dec 21, 2019.
             Was a Believer of Lugonu.
             Succumbed to a spiny frog's poison
             ... on level 6 of the Lair of Beasts.
             The game lasted 00:48:39 (21809 turns).

mortelune the Fighter (Formicid Abyssal Knight)    Turns: 21809, Time: 00:48:39

Health: 0/108      AC: 19    Str: 21 (22) XL:     13   Next: 6%
Magic:  16/21      EV: 10    Int: 11 (12) God:    Lugonu [**....]
Gold:   1008       SH:  0    Dex:  9 (12) Spells: 12/12 levels left

rFire    + . .     SeeInvis +   y - +0 morningstar
rCold    . . .     Gourm    .   (no shield)
rNeg     . . .     Faith    .   G - +0 plate armour {rF+}
rPois    .         Spirit   .   (helmet unavailable)
rElec    .         Reflect  .   S - +0 cloak
rCorr    .         Harm     .   r - +1 pair of gloves
MR       +....     Clarity  +   (no boots)
Stlth    ..........             (no amulet)
HPRegen  0.28/turn              E - ring of flight
MPRegen  0.17/turn              L - +3 ring of evasion

@: lethally poisoned (0 -> -11), very slightly contaminated
A: permanent stasis, dig shafts and tunnels, four strong arms, antennae 3, agile
1, clarity, deterioration 1
a: Dig, Shaft Self, Depart the Abyss, Bend Space, Renounce Religion, Evoke
Flight


You were on level 6 of the Lair of Beasts.
You worshipped Lugonu.
Lugonu was pleased with you.
You were not hungry.

You visited 3 branches of the dungeon, and saw 16 of its levels.
You visited the Abyss 1 time.

You collected 1008 gold pieces.

Inventory:

Hand Weapons
 a - a +2 hand axe
 f - a +0 mace
 u - a +1 whip of holy wrath
 y - a +0 morningstar (weapon)
 A - a +1 whip of flaming
 O - a +2 falchion of flaming
Missiles
 o - 2 silver boomerangs
 v - a throwing net
 x - 8 boomerangs (quivered)
 B - 5 silver javelins
Armour
 b - a +0 leather armour
 j - a +0 ring mail
 q - a +0 scale mail
 r - a +1 pair of gloves (worn)
 w - a +0 plate armour
 G - a +0 plate armour of fire resistance (worn)
 S - a +0 cloak (worn)
Jewellery
 E - a ring of flight (left hand)
 L - a +3 ring of evasion (right hand)
Wands
 e - a wand of iceblast (13)
 i - a wand of paralysis (6)
 C - a wand of disintegration (14)
 N - a wand of enslavement (8)
 Q - a wand of random effects (17)
Scrolls
 m - 2 scrolls of magic mapping
 F - a scroll of immolation
 H - 7 scrolls of remove curse
 J - 3 scrolls of enchant armour
 K - a scroll of identify
 R - 2 scrolls of fog
 W - a scroll of enchant weapon
Potions
 d - a potion of cancellation
 h - a potion of magic
 l - 3 potions of flight
 n - 2 potions of lignification
 p - a potion of mutation
 s - a potion of brilliance
 z - 2 potions of degeneration
Comestibles
 c - 19 rations


   Skills:
 + Level 12.0 Fighting
 - Level 10.8(10.9) Axes
 + Level 1.3(7.0) Maces & Flails
 + Level 11.8 Armour
 - Level 0.8 Dodging
 + Level 11.0 Invocations


You had 12 spell levels left.
You didn't know any spells.
Your spell library contained the following spells:

 Spells                   Type           Power        Failure   Level  Hunger
 Corona                   Hex            #......      99%         1    ##.....
 Summon Small Mammal      Summ           #...         99%         1    ##.....
 Call Imp                 Summ           #.......     100%        2    ###....
 Slow                     Hex            #.......     100%        2    ###....
 Call Canine Familiar     Summ           #.......     100%        3    ####...
 Inner Flame              Hex/Fire       #.......     100%        3    ####...
 Portal Projectile        Hex/Tloc       #.....       100%        3    ####...
 Summon Guardian Golem    Hex/Summ       #.......     100%        3    ####...
 Cause Fear               Hex            #.........   100%        4    #####..
 Leda's Liquefaction      Hex/Erth       #.........   100%        4    #####..
 Summon Ice Beast         Ice/Summ       #.......     100%        4    #####..
 Summon Lightning Spire   Summ/Air       #.......     100%        4    #####..


Dungeon Overview and Level Annotations

Branches:
Dungeon (11/15)            Temple (1/1) D:5            Lair (3/6) D:11
 Spider (0/4) Lair:2          Orc (0/2) D:9
  Swamp: Lair:2-4    Shoals: Lair:2-4

Altars:
Ashenzari
Cheibriados
Dithmenos
Fedhas
Kikubaaqudgha
Nemelex Xobeh
Okawaru
Xom
Yredelemnul

Annotations:
D:3 2 runed translucent doors, Xiguana's ghost, amateur VSIE
D:9 exclusion: ice statue
Abyss:1 Fannar; Harold; Psyche


Innate Abilities, Weirdness & Mutations

You cannot be hasted, slowed, berserked, paralysed or teleported.
You can dig through walls and to a lower floor.
Your four strong arms can wield two-handed weapons with a shield.
You have a pair of large antennae on your head. (SInv)
You are agile. (Dex +2)
You possess an exceptional clarity of mind.
Your body sometimes deteriorates upon taking damage.


Message History

* * * LOW HITPOINT WARNING * * *
The spiny frog stings you but does no damage.
You hit the spiny frog.
The spiny frog is moderately wounded.
The spiny frog stings you!
* * * LOW HITPOINT WARNING * * *
You are lethally poisoned!
The spiny frog poisons you!
You barely miss the spiny frog.
The spiny frog is moderately wounded.
* * * LOW HITPOINT WARNING * * *
You feel sick.
The spiny frog stings you but does no damage.
Okay, then.
Okay, then.
Evoke which item? (* to show all) (? for menu, Esc to quit)
Okay, then.
You barely miss the spiny frog.
The spiny frog is moderately wounded.
You die...

#. ....
###.#
###....
.#.P#......#
.........
.......
....# ##F..#
#.@# #.## ##


You could see a spiny frog.

Vanquished Creatures
  A hydra (Lair:2)
  Pikel (D:3)
  2 centaur zombies
  A black mamba (Lair:1)
  2 spiny frogs (Lair:1)
  A rime drake (Lair:1)
  A komodo dragon (Lair:1)
  A polar bear (Lair:2)
  8 blink frogs
  Grinder (D:4)
  3 hippogriffs
  2 dream sheep (D:9)
  A redback (Lair:2)
  2 wyverns
  13 yaks
  2 hungry ghosts
  3 porcupines
  8 water moccasins
  An ice beast (D:9)
  4 sky beasts
  3 orc warriors
  3 black bears
  6 wolves
  6 ogres
  5 centaurs
  11 crocodiles
  3 big kobolds (D:9)
  8 bullfrogs
  4 scorpions
  4 killer bees (D:11)
  5 howler monkeys
  4 crimson imps
  A bullfrog zombie (D:7)
  4 hounds
  A human zombie (D:3)
  6 jellies
  3 orc priests
  6 iguanas
  2 bullfrog skeletons
  A gnoll shaman (D:9)
  A human skeleton (D:3)
  9 orc wizards
  5 worker ants
  2 worker ant zombies
  4 gnolls (D:9)
  13 adders
  A shadow imp (D:9)
  An ooze (D:3)
  2 adder skeletons
  An adder zombie (D:7)
  4 worms
  A dart slug (D:2)
  7 leopard geckos
  43 orcs
  14 giant cockroaches
  4 goblins
  7 hobgoblins
  17 jackals
  4 kobolds
  8 quokkas
  7 bats
  5 frilled lizards
  A goblin zombie (D:3)
  A jackal skeleton (D:8)
  2 leopard gecko skeletons
  12 rats
320 creatures vanquished.

Vanquished Creatures (others)
  5 hydras
  A manticore (D:11)
  3 oklob plants (Lair:1)
  A komodo dragon (Lair:1)
  A jumping spider (Lair:2)
  A blink frog (Lair:2)
  An orc warrior (D:7)
  A phantom (D:7)
  A worm (D:3)
  A bat (D:3)
  5 fungi (Lair:2)
  6 plants
27 creatures vanquished.

Grand Total: 347 creatures vanquished

Notes
Turn   | Place    | Note
-------+----------+-------------------------------------------
     0 | Abyss:1  | mortelune the Formicid Abyssal Knight began the quest for
                  | the Orb.
     0 | Abyss:1  | Reached XP level 1. HP: 18/18 MP: 2/2
     6 | Abyss:1  | Found a corrupted altar of Lugonu.
    19 | Abyss:1  | Found a corrupted altar of Lugonu.
    32 | Abyss:1  | Found a corrupted altar of Lugonu.
    55 | Abyss:1  | Noticed a vampire
    55 | Abyss:1  | Noticed an ancient zyme
    56 | D:1      | Escaped the Abyss
   157 | D:1      | Reached * piety under Lugonu
   180 | D:1      | Reached XP level 2. HP: 18/24 MP: 3/3
   817 | D:1      | Reached XP level 3. HP: 30/30 MP: 4/4
  1427 | D:2      | Reached skill level 4 in Fighting
  1427 | D:2      | Reached XP level 4. HP: 30/37 MP: 5/5
  1840 | D:2      | Reached ** piety under Lugonu
  2093 | D:2      | Reached XP level 5. HP: 25/43 MP: 6/6
  3006 | D:3      | Found a runed translucent door.
  3014 | D:3      | Noticed Xiguana's ghost (amateur VSIE)
  3040 | D:3      | Found a runed translucent door.
  3040 | D:3      | Noticed a human
  3074 | D:3      | Reached XP level 6. HP: 33/50 MP: 7/7
  3153 | D:3      | Found a basalt altar of Yredelemnul.
  3466 | D:3      | Found a runed translucent door.
  3855 | D:4      | Noticed Grinder
  4082 | D:3      | Reached skill level 5 in Fighting
  4250 | D:4      | Killed Grinder
  4250 | D:4      | Reached XP level 7. HP: 30/56 MP: 8/8
  4526 | D:4      | Reached skill level 5 in Armour
  4804 | D:4      | Noticed Pikel
  4857 | D:3      | Killed Pikel
  4857 | D:3      | Reached skill level 6 in Fighting
  4857 | D:3      | Reached skill level 5 in Axes
  4857 | D:3      | Reached XP level 8. HP: 51/65 MP: 9/9
  5477 | D:5      | Entered Level 5 of the Dungeon
  5482 | D:5      | Reached *** piety under Lugonu
  5643 | D:5      | Reached skill level 7 in Fighting
  5979 | D:5      | Found a staircase to the Ecumenical Temple.
  6000 | Temple   | Entered the Ecumenical Temple
  6118 | D:5      | Reached XP level 9. HP: 70/72 MP: 9/11
  6201 | D:5      | Found an ancient bone altar of Kikubaaqudgha.
  7949 | D:7      | Reached skill level 8 in Fighting
  8271 | D:7      | Noticed Harold
  8276 | D:7      | Banished Harold
  8322 | D:7      | Reached skill level 5 in Invocations
  8624 | D:7      | Reached XP level 10. HP: 73/82 MP: 13/13
  8900 | D:7      | HP: 4/82 [orc warrior/+0 long sword (9)]
  9609 | D:8      | Noticed Psyche
  9610 | D:8      | Banished Psyche
  9610 | D:8      | Reached skill level 9 in Fighting
 11099 | D:9      | Found a snail-covered altar of Cheibriados.
 11381 | D:9      | Found a shadowy altar of Dithmenos.
 11381 | D:9      | Found a sparkling altar of Nemelex Xobeh.
 11381 | D:9      | Found an iron altar of Okawaru.
 11381 | D:9      | Found a shattered altar of Ashenzari.
 11503 | D:9      | Reached **** piety under Lugonu
 11686 | D:9      | Reached XP level 11. HP: 65/90 MP: 16/16
 12091 | D:9      | Reached skill level 10 in Fighting
 12412 | D:9      | Found a staircase to the Orcish Mines.
 12780 | D:9      | Noticed a two-headed hydra
 12797 | D:9      | Banished a two-headed hydra
 12797 | D:9      | Reached skill level 10 in Armour
 13060 | D:10     | Entered Level 10 of the Dungeon
 13599 | D:10     | Found a shimmering altar of Xom.
 14039 | D:11     | Noticed a manticore
 14065 | D:11     | Banished a manticore
 14505 | D:11     | Noticed Fannar
 14506 | D:11     | Banished Fannar
 15243 | D:11     | Found a staircase to the Lair.
 15425 | D:11     | Found an iron altar of Okawaru.
 15447 | D:11     | Reached XP level 12. HP: 74/99 MP: 19/19
 15981 | D:11     | Found a blossoming altar of Fedhas.
 16506 | Lair:1   | Entered Level 1 of the Lair of Beasts
 16570 | Lair:1   | Reached skill level 11 in Fighting
 16699 | Lair:1   | Reached skill level 10 in Axes
 17627 | Lair:1   | Noticed a six-headed hydra
 17628 | Lair:1   | Banished a six-headed hydra
 17631 | Lair:1   | Noticed a five-headed hydra
 17633 | Lair:1   | Banished a five-headed hydra
 17721 | Lair:1   | Reached skill level 10 in Invocations
 19598 | Lair:2   | Noticed a four-headed hydra
 19599 | Lair:2   | Banished a four-headed hydra
 19705 | Lair:2   | Noticed a six-headed hydra
 19712 | Lair:2   | Killed a six-headed hydra
 21727 | Lair:2   | Found a hole to the Spider Nest.
 21732 | Lair:2   | You fall into a shaft and drop 1 floor!
 21735 | Lair:3   | Gained mutation: Your body sometimes deteriorates upon
                  | taking damage. [potion of mutation]
 21735 | Lair:3   | Gained mutation: You possess an exceptional clarity of
                  | mind. [potion of mutation]
 21735 | Lair:3   | Gained mutation: You are agile. (Dex +2) [potion of
                  | mutation]
 21756 | Lair:3   | Reached XP level 13. HP: 94/107 MP: 21/21
 21760 | Lair:3   | Reached skill level 12 in Fighting
 21760 | Lair:3   | Reached skill level 1 in Maces & Flails
 21763 | Lair:3   | Noticed a six-headed hydra
 21772 | Lair:3   | Banished a six-headed hydra
 21803 | Lair:3   | You fall into a shaft and drop 3 floors!
 21803 | Lair:6   | Entered Level 6 of the Lair of Beasts
 21807 | Lair:6   | HP: 4/108 [spiny frog (10)]
 21809 | Lair:6   | Succumbed to a spiny frog's poison

Levels and vault maps discovered:
D:1:      lightli_arrival_farm, layout_basic
D:2:      minmay_roachtagon, layout_loops_ring, minivault_24,
          chequers_serial_rivers_small_a
D:3:      layout_loops_ring, ebering_ghost_sewer_f, grunt_ministairs_10,
          dk_yredelemnul_ordeal
D:4:      cheibrodos_quashed, layout_rooms, chequers_garden, uniq_pikel,
          uniq_grinder
D:5:      layout_cave_pools, kiku_gazebo_garden_becter,
          minmay_temple_entry_large_hall, first_ration, serial_bayou_lagoon_a
D:6:      layout_rooms, minmay_misc_feat_alley
D:7:      minmay_slanted_spiral_squares, layout_loops_cross, uniq_harold
D:8:      layout_cave_pools, uniq_psyche
D:9:      minmay_statue_hallways, layout_loops_ring, lemuel_crystal_altar,
          chequers_temple_overflow_statue_of_worship, hiddenorc1_lemuel,
          hangedman_ranch [blue_anna_fruit_fields]
D:10:     layout_irregular_city, basic_altar
D:11:     layout_grid_maze, minmay_lair_entry_grove, basic_altar,
          fedhas_altar_2, uniq_fannar
Temple:   regret_index_temple_sphere_string
Lair:1:   dpeg_oklob_gauntlet, layout_regular_city, minmay_stone_trees_small
Lair:2:   layout_layer_cave, nicolae_spider_entry_tight_spaces, minivault_24
Lair:3:   layout_chaotic_city, st_stairs_4
Lair:6:   wormcave, layout_concentric_octagons, st_stairs_11,
          chequers_serial_rivers_micro_a, minivault_11, worms_lemuel

Skill      XL: |  1  2  3  4  5  6  7  8  9 10 11 12 13 |
---------------+----------------------------------------+-----
Armour         | 3 4 6 8 9 10 11 | 11.8
Fighting       | 4 5 6 7 8 9 10 11 12 | 12.0
Axes           | 3 4 5 6 7 8 9 10 | 10.8
Invocations    | 5 7 9 10 11 | 11.0
Maces & Flails | 1 |  1.3
Dodging        | |  0.8

Action                   |  1- 3 |  4- 6 |  7- 9 | 10-12 | 13-15 || total
-------------------------+-------+-------+-------+-------+-------++-------
Melee: Hand axe          |    84 |   254 |   336 |  1417 |       ||  2091
       Morningstar       |       |       |       |    23 |    17 ||    40
Throw: Boomerang         |       |     9 |     8 |    23 |       ||    40
Invok: Depart the Abyss  |     1 |       |       |       |       ||     1
       Banish            |       |       |     2 |    19 |     2 ||    23
       Bend Space        |       |       |       |       |     3 ||     3
 Abil: Dig               |       |       |     1 |     2 |     1 ||     4
       Shaft Self        |       |       |       |     1 |     1 ||     2
Evoke: Wand              |       |       |       |     7 |       ||     7
  Use: Scroll            |       |     8 |     7 |     5 |     1 ||    21
       Potion            |       |       |     1 |    16 |     9 ||    26
 Stab: Invisible         |       |       |       |     2 |     1 ||     3
  Eat: Chunk             |     2 |     9 |    14 |    26 |       ||    51
       Ration            |       |       |     2 |     7 |     1 ||    10
Armor: Leather armour    |    16 |       |       |       |       ||    16
       Ring mail         |    12 |    34 |       |       |       ||    46
       Scale mail        |       |    46 |       |       |       ||    46
       Plate armour      |       |    58 |   208 |   716 |    16 ||   998
       Skin              |       |       |       |    73 |    77 ||   150
Dodge: Dodged            |    55 |   109 |    85 |   600 |    24 ||   873
